AoeStats
← Michi3052

Enclosed

506203666Analyzed
1v1 RM · 21d ago on Sep 12, 2026· 49m 23s· 2 players
Game mode
Random Map
Map size
Tiny (2 player)
Population
200
Speed
Normal
Resources
Standard
Victory
Conquest
Starting age
Dark Age
Ending age
Imperial Age
RankedLock teamsTeams togetherTeam positionsShared explorationLock speedFull tech treeHidden civsTurbo modeCheats
Victory
Defeat
🇪🇸 Turks · Spain
728
+17
🇦🇷 Lithuanians · Argentina
739
-17
Michi3052
12:10 Feudal Age
17:43 Castle Age
16:29 Horse Collar
18:10 Gold Mining
18:26 Double-Bit Axe
24:47 Wheelbarrow
26:47 Heavy Plow
27:57 Loom
31:09 Imperial Age
29:41 Hand Cart
29:12 Town Watch
29:26 Fletching
29:37 Padded Archer Armor
35:07 Bodkin Arrow
35:28 Leather Archer Armor
44:48 Bloodlines
45:48 Husbandry
47:36 Forging
47:32 Scale Barding Armor
Aron Vikingo
2:36 Loom
9:59 Feudal Age
10:45 Town Watch
10:53 Double-Bit Axe
11:14 Horse Collar
12:51 Wheelbarrow
19:19 Castle Age
17:41 Stone Mining
17:51 Gold Mining
20:32 Heavy Plow
20:44 Bow Saw
24:05 Ballistics
25:17 Fletching
26:16 Murder Holes
27:51 Stone Shaft Mining
28:02 Hand Cart
28:30 Hill Forts
33:48 Imperial Age
31:51 Town Patrol
32:31 Scale Mail Armor
32:39 Bodkin Arrow
35:37 Chemistry
35:01 Conscription
35:03 Thumb Ring
35:32 Crop Rotation
35:23 Bracer
35:30 Husbandry
34:51 Light Cavalry
36:27 Elite Skirmisher
36:54 Crossbowman
41:03 Pikeman
41:47 Padded Archer Armor
41:57 Forging
41:59 Tower Shields
45:54 Leather Archer Armor
45:56 Chain Mail Armor
46:54 Iron Casting
46:44 Scale Barding Armor
47:57 Squires
48:32 Winged Hussar
Connection lost

Rejoining the realm…

Still unreachable

The connection could not be restored.

Session expired

The server has moved on; the page needs a fresh start.